 Dungeon Crawl Stone Soup version 0.30-a0-613-gdd512c7efb (webtiles) character file.

Game seed: 9246641088236997592

11240 wormed the Destroyer (level 11, -5/82 (86) HPs)
             Began as a Demonspawn Conjurer on Jan 9, 2023.
             Was a Priest of Vehumet.
             Slain by a phantasmal warrior (24 damage)
             ... led by a death knight
             ... on level 14 of the Dungeon.
             The game lasted 00:23:07 (15896 turns).

wormed the Destroyer (Demonspawn Conjurer)         Turns: 15896, Time: 00:23:07

HP:   -5/82 (86)    AC: 10    Str:  7      XL:     11   Next: 46%
MP:   23/23         EV: 13    Int: 16 (25) God:    Vehumet [***...]
Gold: 499           SH:  0    Dex: 11      Spells: 15/26 levels left

rFire   . . .      SeeInvis .    x - +8 arc blade {discharge, rElec}
rCold   . . .      Faith    .    (no shield)
rNeg    + . .      Spirit   .    g - +0 troll leather armour
rPois   .          Reflect  .    u - +0 helmet
rElec   +          Harm     .    v - +0 cloak
rCorr   .          Rampage  .    B - +1 pair of gloves
Will    .....                    q - +0 pair of boots
Stlth   +                        (no amulet)
HPRegen 1.13/turn                A - ring of positive energy
MPRegen 0.18/turn                (no ring)

@: about to teleport, studying Shields, lightly drained
A: rugged brown scales 1, spiny 3, demonic touch 1
a: Renounce Religion


You were on level 14 of the Dungeon.
You worshipped Vehumet.
Vehumet was most pleased with you.
You visited 1 branch of the dungeon, and saw 12 of its levels.
You also visited: Bailey.

You collected 499 gold pieces.

Inventory:

Hand Weapons
 c - a +1 short sword
 x - the +8 arc blade (weapon) {discharge, rElec}
   (You found it in a bailey)

   It occasionally unleashes powerful arcs of lightning upon striking a foe.
   These may arc to other adjacent creatures (including the wielder, but dealing
   reduced damage to them) before grounding out.
   rElec:     It insulates you from electricity.
Armour
 g - a +0 troll leather armour (worn)
 q - a +0 pair of boots (worn)
 u - a +0 helmet (worn)
 v - a +0 cloak (worn)
 B - a +1 pair of gloves (worn)
Jewellery
 A - a ring of positive energy (left hand)
Wands
 d - a wand of polymorph (7)
 k - a wand of flame (9)
 o - a wand of charming (18)
Scrolls
 a - a scroll of enchant weapon
 y - a scroll of enchant armour
Potions
 b - a potion of magic
 h - 2 potions of berserk rage
 i - 2 potions of degeneration
 j - 3 potions of mutation
 l - 5 potions of curing
 m - 5 potions of lignification {unknown}
 n - 2 potions of brilliance {unknown}
 p - a potion of ambrosia {unknown}
 r - a potion of cancellation
 t - 3 potions of might {unknown}
 w - a potion of experience {unknown}
 z - 3 potions of resistance {unknown}


   Skills:
 + Level 7.1 Fighting
 + Level 6.9 Dodging
 - Level 1.7 Stealth
 + Level 8.3 Spellcasting
 + Level 9.8 Conjurations
 - Level 5.0 Hexes
 + Level 6.3 Translocations


You had 15 spell levels left.
You knew the following spells:

 Your Spells              Type           Power      Damage    Failure   Level
a - Magic Dart            Conj           100%       1d8       1%          1
b - Searing Ray           Conj           76%        2d7       1%          2
c - Fulminant Prism       Conj/Hex       15%        3d10      2%          4
d - Iskenderun's Mystic   Conj/Tloc      32%        2d8       1%          4

Your spell library contained the following spells:

 Spells                   Type           Power      Damage    Failure   Level
 Ignite Poison            Fire/Tmut/Pois 6%         N/A       13%         3
 Dazzling Flash           Conj/Hex       60%        N/A       1%          3
 Gell's Gravitas          Tloc           27%        N/A       3%          3
 Lesser Beckoning         Tloc           54%        N/A       3%          3
 Teleport Other           Tloc           27%        N/A       3%          3
 Yara's Violent Unravell  Hex/Tmut       7%         3d5       36%         5
 Starburst                Conj/Fire      11%        6d5       58%         6
 Dispel Undead            Necr           6%         3d8       85%         4
 Summon Ice Beast         Ice/Summ       6%         N/A       85%         4
 Summon Mana Viper        Hex/Summ       14%        N/A       85%         5
 Enfeeble                 Hex            11%        N/A       100%        7
 Monstrous Menagerie      Summ           3%         N/A       100%        7


Dungeon Overview and Level Annotations

Branches:
Dungeon (11/15)            Temple (0/1) D:7            Lair (0/5) D:9
 Bailey (visited)
    Orc: D:9-12

Altars:
Ashenzari
Hepliaklqana
Okawaru
Qazlal
Sif Muna
Trog
Uskayaw
Vehumet
Wu Jian
Xom
Yredelemnul

Shops:
D:3 [   D:4 (   D:8 ?   D:14 *

Annotations:
D:10 exclusion: orange crystal statue


Innate Abilities, Weirdness & Mutations

You are partially covered in rugged brown scales. (AC +1, +3% HP)
You are completely covered in sharp spines.
Your touch may inflict minor irresistible damage on your foes.


Message History

You puncture the howler monkey!
You touch the howler monkey!
The howler monkey is severely wounded.
The centaur shoots an arrow.
The arrow hits you! You partially resist.
You feel drained.
The centaur shoots an arrow.
The arrow hits you but does no damage.
The centaur shoots an arrow.
The arrow closely misses you. The howler monkey misses you.
The howler monkey hits you but does no damage.
The centaur wields a +0 shortbow.
The centaur shoots an arrow.
The arrow hits you but does no damage.
The centaur shoots an arrow.
The arrow hits you.
The centaur shoots an arrow.
The arrow hits you.
A phantasmal warrior comes into view.
The death knight offers itself to Yredelemnul, and fills with unholy energy.
You hit the howler monkey.
The arc blade crackles.
The howler monkey is struck by an arc of lightning.
The howler monkey is almost dead.
You resist.
You are struck by an arc of lightning.
The howler monkey is struck by an arc of lightning!
You kill the howler monkey!
Vehumet accepts your kill.
You kill the howler monkey!
Vehumet accepts your kill.
The centaur shoots an arrow.
The arrow hits you!
The centaur shoots an arrow.
The arrow hits you! You partially resist.
You feel drained.
The centaur shoots an arrow.
The arrow hits you.
The centaur shoots an arrow.
The arrow hits you.
The centaur shoots an arrow.
The arrow closely misses you.
A skeletal warrior comes into view. It is wielding a +0 scimitar.
The phantasmal warrior gestures at you.
The phantasmal warrior blinks!
The centaur shoots an arrow.
The arrow closely misses you.
The centaur shoots an arrow.
The arrow hits you. You partially resist.
You feel drained.
The centaur shoots an arrow.
The arrow hits you!
* * * LOW HITPOINT WARNING * * *
A gargoyle comes into view. It is wielding a +0 mace.
As you read the scroll of teleportation, it crumbles to dust.
You feel strangely unstable.
The centaur shoots an arrow.
The arrow closely misses you.
The centaur shoots an arrow.
The arrow misses you.
The phantasmal warrior is struck by your spines.
The phantasmal warrior hits you!!
You die...

...........###.##
..........###...#
....9....###....##
.........##.#....#.
.............##.#..
...................
...................
..........†..#....
..........@†..W....
...........Wczc....
...........ccc.....
............c...z.
.................
.............p..
................
...............


You could see a death knight (reflects damage), 2 skeletal warriors, a centaur
warrior, 2 phantasmal warriors, a gargoyle (wandering) and 5 centaurs.

Vanquished Creatures
  A two-headed ogre (D:9)
  An obsidian statue (D:10)
  Maggie (D:7)
  A gargoyle (Bailey)
  A troll (D:10)
  2 hornets (D:9)
  Grinder (D:3)
  Sigmund (D:2)
  A vampire (Bailey)
  A wyvern (D:8)
  A wraith (D:10)
  18 yaks (D:10)
  3 vampire mosquitoes
  Edmund (D:4)
  Menkaure (D:7)
  3 water moccasins
  An acid dragon (D:5)
  3 orc warriors
  A sky beast (D:8)
  A black bear (D:6)
  2 ice beasts
  An ogre (D:7)
  2 centaurs (D:8)
  3 phantoms (D:5)
  Blork the orc (D:5)
  3 kobold brigands
  A necrophage (D:8)
  A bullfrog (D:7)
  A gnoll sergeant (D:8)
  2 scorpions
  5 wights (D:10)
  26 killer bees
  7 vampire bats (Bailey)
  3 howler monkeys
  5 wolf zombies (Bailey)
  2 hounds
  3 jellies (D:6)
  4 orc priests
  A gnoll bouda (D:7)
  Jessica (D:3)
  3 iguanas
  Natasha (D:3)
  4 orc wizards
  14 gnolls
  10 adders
  2 river rats (D:3)
  2 shadow imps (D:6)
  2 white imps
  An ufetubus (D:6)
  5 worms
  4 dart slugs
  21 orcs
  6 bats
  7 endoplasms
  10 giant cockroaches
  7 goblins
  7 hobgoblins
  3 jackals
  6 quokkas
  10 ball pythons
  3 frilled lizards
  19 kobolds
  18 orc zombies (Bailey)
  4 rats
  A spectral orc (D:8)
288 creatures vanquished.

Vanquished Creatures (others)
  35 fulminant prisms
  A fungus (D:1)
  2 plants (D:7)
38 creatures vanquished.

Grand Total: 326 creatures vanquished

Notes
Turn   | Place    | Note
-------+----------+-------------------------------------------
     0 | D:1      | wormed the Demonspawn Conjurer began the quest for the Orb.
     0 | D:1      | Reached XP level 1. HP: 13/13 MP: 3/3
   291 | D:1      | Gained mutation: You are partially covered in rugged brown
                  | scales. (AC +1, +3% HP) [demonic ancestry]
   291 | D:1      | Reached XP level 2. HP: 12/19 MP: 0/5
   393 | D:1      | Learned a level 2 spell: Searing Ray
   911 | D:1      | Gained mutation: You are partially covered in sharp spines.
                  | [demonic ancestry]
   911 | D:1      | Reached XP level 3. HP: 24/24 MP: 4/7
  1479 | D:2      | Reached XP level 4. HP: 30/30 MP: 3/8
  1784 | D:2      | Reached skill level 5 in Conjurations
  2475 | D:2      | Noticed Sigmund
  2482 | D:2      | Killed Sigmund
  2483 | D:2      | Reached XP level 5. HP: 31/36 MP: 0/11
  2483 | D:2      | Reached XP level 6. HP: 36/42 MP: 0/12
  3214 | D:3      | Noticed Grinder
  3226 | D:3      | Killed Grinder
  3227 | D:3      | Reached skill level 5 in Spellcasting
  3227 | D:3      | Reached skill level 6 in Conjurations
  3388 | D:3      | Found Fugoptil's Antique Armour Emporium.
  3727 | D:3      | Gained mutation: You are mostly covered in sharp spines.
                  | [demonic ancestry]
  3727 | D:3      | Reached XP level 7. HP: 45/48 MP: 8/14
  3901 | D:3      | Noticed Jessica
  3904 | D:3      | Killed Jessica
  3928 | D:3      | Found a shimmering blue altar of Sif Muna.
  4119 | D:3      | Reached skill level 1 in Fighting
  4127 | D:3      | Learned a level 4 spell: Fulminant Prism
  4132 | D:3      | Learned a level 4 spell: Iskenderun's Mystic Blast
  4463 | D:3      | Noticed Natasha
  4492 | D:3      | Killed Natasha
  4965 | D:4      | Got the Compendium of Prime Skeletons
  5182 | D:4      | Found Herchiof's Weapon Boutique.
  5769 | D:5      | Entered Level 5 of the Dungeon
  5769 | D:5      | Noticed Edmund
  5805 | D:4      | Killed Edmund
  5806 | D:4      | Reached skill level 1 in Hexes
  5957 | D:5      | Reached skill level 1 in Translocations
  6095 | D:5      | Noticed Blork the orc
  6103 | D:5      | Killed Blork the orc
  6183 | D:5      | Gained mutation: You are completely covered in sharp
                  | spines. [demonic ancestry]
  6183 | D:5      | Reached XP level 8. HP: 49/57 MP: 10/16
  6267 | D:5      | Reached skill level 7 in Conjurations
  7094 | D:5      | Identified the +1 robe "Bufum" {rElec rPois rF+ rCorr}
  7381 | D:6      | Found a radiant altar of Vehumet.
  7384 | D:6      | Found an ornate altar of the Wu Jian Council.
  7674 | D:6      | Found an iron altar of Okawaru.
  8056 | D:6      | Reached XP level 9. HP: 65/65 MP: 13/18
  8165 | D:6      | Found a bloodstained altar of Trog.
  8454 | D:6      | Became a worshipper of Vehumet
  9057 | D:7      | Noticed Menkaure
  9081 | D:7      | Killed Menkaure
  9082 | D:7      | Reached skill level 8 in Conjurations
  9236 | D:7      | Noticed Maggie
  9249 | D:7      | Killed Maggie
  9671 | D:7      | Found a staircase to the Ecumenical Temple.
  9731 | D:7      | Reached * piety under Vehumet
  9731 | D:7      | Offered knowledge of Kiss of Death by Vehumet.
  9882 | D:7      | Reached skill level 5 in Dodging
 10071 | D:8      | Identified the +11 war axe of Exquisite Death {protect, rC-
                  | Will+++ Str+2 Stlth+}
 10160 | D:8      | Reached XP level 10. HP: 74/75 MP: 12/20
 10316 | D:8      | Reached skill level 5 in Fighting
 10316 | D:8      | Reached skill level 5 in Hexes
 10448 | D:8      | Found a broken altar of Ashenzari.
 10539 | D:8      | Found a stormy altar of Qazlal.
 10539 | D:8      | Found a basalt altar of Yredelemnul.
 10633 | D:8      | Found a flagged portal.
 10647 | Bailey   | Entered a bailey
 10744 | Bailey   | Reached ** piety under Vehumet
 10744 | Bailey   | Offered knowledge of Sandblast by Vehumet.
 11007 | Bailey   | Noticed a gargoyle
 11016 | Bailey   | Killed a gargoyle
 11186 | Bailey   | Found the +8 arc blade {discharge, rElec}
 11191 | Bailey   | Identified the +0 plate armour "Wolol" {Rampage *Slow rC+}
 11201 | Bailey   | Identified the +0 chain mail of the Unseen Realm {SInv}
 11482 | D:8      | Found Edink's Magic Scroll Boutique.
 11558 | D:8      | Found a hazy altar of Hepliaklqana.
 11559 | D:8      | Offered knowledge of Stone Arrow by Vehumet.
 11721 | D:8      | Reached skill level 5 in Translocations
 12093 | D:9      | Paralysed by a hornet for 2 turns
 12347 | D:9      | Found a staircase to the Lair.
 12477 | D:9      | Noticed a two-headed ogre
 12487 | D:9      | Killed a two-headed ogre
 12488 | D:9      | Reached skill level 9 in Conjurations
 12917 | D:10     | Entered Level 10 of the Dungeon
 12930 | D:10     | Noticed an obsidian statue
 12941 | D:10     | Noticed a rust devil
 12943 | D:10     | Noticed a soul eater
 12945 | D:10     | Killed an obsidian statue
 13077 | D:10     | Gained mutation: Your touch may inflict minor irresistible
                  | damage on your foes. [demonic ancestry]
 13077 | D:10     | Reached XP level 11. HP: 55/84 MP: 16/22
 13077 | D:10     | Reached *** piety under Vehumet
 13332 | D:10     | Found a hide-covered altar of Uskayaw.
 13463 | D:10     | Offered knowledge of Ignite Poison by Vehumet.
 14057 | D:10     | Found a shimmering altar of Xom.
 14135 | D:10     | Noticed an orange crystal statue
 14357 | D:10     | Noticed a two-headed ogre
 15290 | D:10     | Noticed a two-headed ogre
 15880 | D:11     | You fall into a shaft and drop 3 floors!
 15883 | D:14     | Found Nivocsin's Pet Rocks.
 15891 | D:14     | Noticed a skeletal warrior
 15892 | D:14     | Noticed a phantasmal warrior
 15892 | D:14     | Noticed a centaur warrior
 15892 | D:14     | Noticed a death knight
 15893 | D:14     | Noticed a phantasmal warrior
 15894 | D:14     | Noticed a skeletal warrior
 15896 | D:14     | Slain by a phantasmal warrior

Illustrated notes

Levels and vault maps discovered:
D:1:      scummos_arrival_checkerplants, layout_loops_cross
D:2:      layout_basic, serial_rivers, chequers_serial_rivers_micro_b,
          chequers_serial_rivers_micro_a, chequers_serial_rivers_small_b,
          chequers_serial_rivers_room_b, chequers_serial_rivers_small_a,
          uniq_sigmund
D:3:      layout_loops_cross, tgw_sif, serial_shops, nicolae_shop_waterfront,
          gup_sewer_entry_spiral, minmay_misc_feat_columns,
          kennysheep_generic_room_14, uniq_natasha, uniq_grinder
D:4:      layout_basic, serial_shops, nicolae_shop_bloodbath_and_beyond
D:5:      layout_gridville, uniq_blork_the_orc, uniq_edmund
D:6:      layout_basic, nicolae_overflow_crystal_walls, minitemple,
          mainiacjoe_overflow_concentric_impassable, minmay_manual_maat
D:7:      layout_basic, minmay_temple_entry_gardened_gates,
          minmay_unpleasant_kobolds, uniq_menkaure, uniq_maggie
D:8:      layout_loops_ring, nicolae_hepliaklqana_monster_ancestors,
          mainiacjoe_overflow_six_doors_small, amethyst_overflow_temple_binary,
          enter_bailey_2, serial_shops, shop
D:9:      layout_gridville, dpeg_oklobed_lair
D:10:     minmay_separated_statues, layout_layer_cave, xom_butterflies,
          chequers_temple_overflow_statue_of_worship, eino_tiny_chamber,
          grunt_ministairs_2
D:11:     layout_basic, eino_tiny_chamber, kb_lookout_dungeons_type,
          hangedman_decor_growths, nicolae_two_hexagons
D:14:     cheibrodos_shockbox, layout_cross, david_vaults_1,
          nicolae_wu_jian_wuxing_cycle, dk_noncrumbling_4, guppyfry_shop_earth

Skill      XL: |  1  2  3  4  5  6  7  8  9 10 11 |
---------------+----------------------------------+-----
Spellcasting   | 3 4 5 6 7 8 |  8.3
Conjurations   | 5 6 7 8 9 |  9.8
Dodging        | 2 3 5 6 |  6.9
Fighting       | 2 3 4 6 7 |  7.1
Hexes          | 1 3 4 5 |  5.0
Translocations | 1 3 4 5 6 |  6.3
Stealth        | |  1.7

Action                   |  1- 3 |  4- 6 |  7- 9 | 10-12 || total
-------------------------+-------+-------+-------+-------++-------
Melee: Short sword       |    26 |     4 |     3 |     1 ||    34
       Unarmed           |     9 |       |    13 |       ||    22
       Punch             |       |     1 |       |       ||     1
       Rapier            |       |       |       |    16 ||    16
       Touch             |       |       |       |     1 ||     1
 Cast: Magic Dart        |    22 |     8 |     9 |     3 ||    42
       Searing Ray       |    15 |    32 |    81 |    83 ||   211
       Fulminant Prism   |       |       |    17 |    18 ||    35
       Iskenderun's Myst |       |       |     4 |     4 ||     8
  Use: Scroll            |       |       |     8 |     9 ||    17
       Potion            |       |       |     3 |     4 ||     7
 Stab: Sleeping          |       |       |       |     1 ||     1
Armor: Robe              |    17 |     3 |     6 |    35 ||    61
       Skin              |       |       |     2 |       ||     2
       Troll leather arm |       |       |       |    21 ||    21
Dodge: Dodged            |    39 |     7 |    47 |   156 ||   249

Table legend: (Time is in decaauts)
 A = Elapsed time spent in this place.
 B = Non-inter-level travel time spent in this place.
 C = Inter-level travel time spent in this place.
 D = Time resting spent in this place.
 E = Time spent auto-exploring this place.
 F = Levels seen in this place.
 G = Mean time per level.
                   A        B        C        D        E       F      G
               +--------+--------+--------+--------+--------+-----+--------+
         Total |  15955 |  15363 |    592 |    777 |  12653 |  13 | 1227.3 |
       Dungeon |  15121 |  14529 |    592 |    777 |  11984 |  12 | 1260.1 |
        Bailey |    834 |    834 |      0 |      0 |    669 |   1 |  834.0 |
               +--------+--------+--------+--------+--------+-----+--------+

Top non-repeatable levels by time:
    D:10: 2421 daAuts
     D:2: 1931 daAuts
     D:3: 1584 daAuts
     D:7: 1570 daAuts
     D:9: 1550 daAuts
     D:5: 1547 daAuts
     D:1: 1256 daAuts
     D:6: 1151 daAuts
     D:4: 1063 daAuts
     D:8: 994 daAuts
  Bailey: 834 daAuts
    D:11: 32 daAuts
    D:14: 16 daAuts
